woodfighter, neutral female human Healer ----------- --------- |.........| --.[..%).| |.........| |.`..%[.[-- |...=.....| ---..---..| |.........| |..| |..| |....<....| ----.---|..| |.........| |.......|..| |......ouh| |.....[....| |.......u@| |..........-------------x| --.....--................| --..)..------------------ ---.>...| ------- woodfighter the Embalmer Experience level: 6 Strength: 11 Dexterity: 11 Constitution: 17 Intelligence: 12 Wisdom: 18 Charisma: 16 Health: 0(61) Energy: 34(51) Def: 2 Gold: 161 Moves: 4694 Dungeon seed: w5xtxEdYtElIcNKQ Game ID: woodfighter_1505036967 Your Inventory: Coins $ - 161 gold pieces Weapons a - a +0 scalpel (weapon in hand) I - 5 +0 darts (in quiver) Armor e - an uncursed +1 pair of leather gloves (being worn) Comestibles c - an uncursed fortune cookie l - 5 blessed eucalyptus leaves m - a blessed sprig of wolfsbane o - 2 blessed cloves of garlic p - 6 uncursed apples q - an uncursed candy bar B - 2 uncursed sprigs of wolfsbane G - 3 uncursed food rations U - an uncursed tripe ration Potions j - an uncursed potion of healing Rings W - an uncursed ring of shock resistance Wands g - a wand of sleep (0:7) h - a wand of sleep (0:5) N - a wand of magic missile (0:5) X - a wand of digging (0:4) Tools b - an uncursed stethoscope w - an uncursed magic whistle Spells and supernatural/magical abilities: Name Level Category Fail Memory h - healing 1 healing 0% 77% x - extra healing 3 healing 6% 77% S - stone to flesh 3 healing 23% 77% W - pray for help -- divine ? -- Your skills at the end: Miscellaneous Skills wands [Basic] Weapon Skills knife [Basic] Spellcasting Skills healing spells [Basic] Final Attributes: You were devoutly aligned. You were poison resistant. Your writing hand was ok. You were very stealthy. You are dead. Vanquished creatures: a brown pudding a gold golem a housecat a snake an ape 2 imps 4 Mordor orcs an Uruk-hai 2 rock piercers a gray ooze a paper golem 3 giant ants a floating eye a kitten 2 homunculi a kobold shaman 4 iguanas 22 hill orcs 2 jitterbugs a monkey 2 orc zombies a coyote a hobbit a large kobold 5 geckos 2 giant rats 2 yellow molds a green mold 2 red molds 7 garter snakes a gnome zombie 11 jackals 3 kobolds 6 newts 3 goblins 3 sewer rats 6 grid bugs 3 lichens 2 kobold zombies 115 creatures vanquished. Voluntary challenges: You did not cause conflict. You were not invisible. You did not have reflection. You were not displaced. You had been an atheist until turn 3821. You used a wielded weapon 411 times, starting on turn 99. You did not apply a unicorn horn. You did not use plumbed fixtures. You read items or engraved 2 times, starting on turn 3818. You never genocided any monsters. You never polymorphed an object. You never changed form. You used no wishes. You never split a pudding. You never wrote Elbereth's name. You violated your moral code, losing 1 point of alignment, starting on turn 2124. Dungeon overview: The Dungeons of Doom: levels 1 to 9 Level 1 a long staircase Level 2 (box) some fountains Level 3 stairs to The Gnomish Mines Level 4 (eyes) some fountains Level 5 some fountains Level 6 (imp) Level 7 many fountains Level 8 a fountain stairs to Sokoban Level 9 The Gnomish Mines: Level 4 stairs to The Dungeons of Doom Sokoban: levels 6 to 7 Level 6 <- You were here Level 7 an altar to Athena, a magic chest stairs to The Dungeons of Doom History has recorded: On T:1 you entered the Dungeons of Doom to retrieve the Amulet of Yendor! On T:109 you reached level 2 of The Dungeons of Doom. On T:633 you reached level 3 of The Dungeons of Doom. On T:732 you advanced to experience level 2. On T:952 you reached level 4 of The Dungeons of Doom. On T:1049 you reached level 1 of The Gnomish Mines. On T:1191 you advanced to experience level 3. On T:1395 you reached level 5 of The Dungeons of Doom. On T:1807 you reached level 6 of The Dungeons of Doom. On T:1969 you advanced to experience level 4. On T:2133 you advanced to experience level 5. On T:2596 you reached level 7 of The Dungeons of Doom. On T:3179 you advanced to experience level 6. On T:3241 you reached level 8 of The Dungeons of Doom. On T:3653 you reached level 9 of The Dungeons of Doom. On T:3746 you reached level 4 of Sokoban. On T:3815 you opened a magic chest. On T:4102 you reached level 3 of Sokoban. Score breakdown: Gold: 0 ( 0 points) Experience: 6 levels ( 500 points) Exploration: 9 levels ( 240 points) Discoveries: 8 items ( 400 points) Variety of kills: 39 monsters ( 1950 points) Major goal: (nothing yet) ( 0 points) Survival: died (score multiplied by 3) Total score: 9270 Latest messages: The horse kicks the ape. The horse bites the ape. The ape claws the horse. (2x) The ape bites the horse. The jitterbug bites! The horse kicks the ape. The ape is killed! You feel better. The dwarf lord wields a dagger named Dagger of Glory! The dwarf lord thrusts his dagger named Dagger of Glory at you. The dwarf lord stabs you! The jitterbug bites! The horse eats an apple. The jitterbug bites! The jitterbug misses the horse. The horse kicks the Uruk-hai. The horse misses the Uruk-hai. You slash the jitterbug. The jitterbug is lightly wounded. The jitterbug displaces you! The dwarf lord thrusts his dagger named Dagger of Glory at you. The dwarf lord stabs you! The dwarf lord thrusts his dagger named Dagger of Glory at you. The dwarf lord stabs you! The jitterbug bites! The white unicorn butts! You die... Final status: Goodbye woodfighter the Healer, killed by a white unicorn... You died in Sokoban on dungeon level 6 with 9270 points, and 161 pieces of gold, after 4694 moves. You were level 6 with a maximum of 61 hit points when you died.